 Dungeon Crawl Stone Soup version 0.19.0-2-gae57169 (webtiles) character file.

324 Andry07 the Skirmisher (level 6, -5/57 HPs)
             Began as a Draconian Skald on Nov 7, 2016.
             Slain by an orc wizard
             ... wielding a +0 dagger
              (7 damage)
             ... on level 4 of the Dungeon.
             The game lasted 00:08:24 (2971 turns).

Andry07 the Skirmisher (Draconian Skald)            Turns: 2971, Time: 00:08:24

Health: -5/57      AC:  9    Str: 16    XL:     6   Next: 23%
Magic:  9/11       EV: 12    Int: 13    God:
Gold:   70         SH:  0    Dex: 10    Spells: 3 memorised, 7 levels left

rFire  . . .     SeeInvis .     a - +0 falchion
rCold  . . .     Gourm    .     (armour unavailable)
rNeg   . . .     Faith    .     (no shield)
rPois  .         Spirit   .     (helmet restricted)
rElec  .         Reflect  .     q - +0 cloak
rCorr  .         Harm     .     (no gloves)
MR     .....                    d - +1 pair of boots
Stlth  +.........               (no amulet)
                                (no ring)
                                (no ring)

@: no status effects
A: unfitting armour, cold-blooded, AC +6
a: no special abilities


You were on level 4 of the Dungeon.
You were not hungry.

You visited 1 branch of the dungeon, and saw 4 of its levels.

You collected 70 gold pieces.

Inventory:

Hand Weapons
 a - a +0 falchion (weapon)
Armour
 d - a +1 pair of boots (worn)
 q - a +0 cloak (worn)
Jewellery
 n - an uncursed ring of fire
 v - an uncursed ring of fire
Wands
 y - a wand of digging (15/24)
Scrolls
 e - 2 scrolls of recharging {unknown}
 f - 4 scrolls of remove curse {unknown}
 g - 5 scrolls of identify {unknown}
 k - a scroll of immolation {unknown}
 l - a scroll of enchant armour {unknown}
 m - 2 scrolls of noise {unknown}
 t - a scroll of fear {unknown}
 u - 2 scrolls of magic mapping {unknown}
 w - a scroll of teleportation {unknown}
Potions
 i - a potion of brilliance {unknown}
 j - a potion of heal wounds {unknown}
 o - a potion of cure mutation {unknown}
 s - a potion of flight {unknown}
 z - a potion of ambrosia {unknown}
Books
 b - a book of Battle

   Spells                             Type                      Level
   a - Infusion                       Charms                       1
   b - Shroud of Golubria             Charms/Translocation         2
   c - Song of Slaying                Charms                       2
   d - Spectral Weapon                Hexes/Charms                 3
   e - Regeneration                   Charms/Necromancy            3
 x - a book of Changes

   Spells                             Type                      Level
   a - Beastly Appendage              Transmutation                1
   b - Sticks to Snakes               Transmutation                2
   c - Spider Form                    Transmutation/Poison         3
   d - Ice Form                       Ice/Transmutation            4
   e - Blade Hands                    Transmutation                5
Comestibles
 c - 4 bread rations
 p - 2 meat rations
 A - a slice of pizza


   Skills:
 + Level 6.0 Fighting
 - Level 2.0 Long Blades
 - Level 1.3 Dodging
 * Level 3.9 Spellcasting
 - Level 2.6 Charms


You had 7 spell levels left.
You knew the following spells:

 Your Spells              Type           Power        Failure   Level  Hunger
a - Infusion              Chrm           #...         10%         1    None
b - Shroud of Golubria    Chrm/Tloc      #.........   21%         2    ##.....
c - Song of Slaying       Chrm           #.......     12%         2    ##.....


Dungeon Overview and Level Annotations

Branches:
Dungeon (4/15)
 Temple: D:4-7

Altars:
Fedhas
Qazlal

Shops:
D:4 =


Innate Abilities, Weirdness & Mutations

Your plain brown scales are hard. (AC +6)
You cannot fit into any form of body armour.
You are cold-blooded and may be slowed by cold attacks.


Message History

You feel less confused. Something hits you but does no damage.
You barely miss something. You tail-slap something.
You hear the rapid hiss of a distant avalanche of sand.
Something completely misses you.
You hit something.
You are no longer magically infusing your attacks.
You hear some strange, mumbled words.
A magic dart appears from out of thin air!
The magic dart hits you!
* * * LOW HITPOINT WARNING * * *
You miss something. Something hits you but does no damage. Something hits you.
* * * LOW HITPOINT WARNING * * *
You closely miss something.
You hear some strange, mumbled words.
A puff of flame appears from out of thin air!
The puff of flame misses you.
You hit something but do no damage. Something hits you but does no damage.
You hit something. Something hits you!
You die...

#......# ## ######......#
.. .............+ . #.
###.# #.....).##
..####.#....# #.......##
.........##.####.#####...
.........#.......<###..).
.....[..##..#####.#....#.
#$.....@{..#.....#.#.##.
#......###.#.##..#.#....
#......# #.#.......#####
#......# #.......#######
#####+## ####.........##
#.#......... #.#.......##
..#.......# .#.....###.


There were no monsters in sight!

Vanquished Creatures
  A scorpion (D:4)
  An orc wizard (D:3)
  A worker ant (D:4)
  7 gnolls
  9 adders
  2 worms
  A leopard gecko (D:2)
  3 orcs
  2 giant cockroaches (D:3)
  9 goblins
  6 hobgoblins
  10 jackals
  8 kobolds
  7 bats
  3 frilled lizards
  2 rats
72 creatures vanquished.

Notes
Turn   | Place    | Note
-------+----------+-------------------------------------------
     0 | D:1      | Andry07 the Draconian Skald began the quest for the Orb.
     0 | D:1      | Reached XP level 1. HP: 17/17 MP: 3/3
   155 | D:1      | Reached XP level 2. HP: 13/25 MP: 5/5
   553 | D:2      | Reached skill level 3 in Fighting
   560 | D:2      | Reached XP level 3. HP: 27/31 MP: 7/7
   823 | D:2      | You fall through a shaft!
   836 | D:2      | Reached XP level 4. HP: 28/40 MP: 8/8
   882 | D:2      | Reached skill level 4 in Fighting
  1483 | D:3      | Found a blossoming altar of Fedhas.
  1493 | D:3      | Reached XP level 5. HP: 44/47 MP: 10/10
  1494 | D:3      | Found a stormy altar of Qazlal.
  1609 | D:3      | Learned a level 2 spell: Shroud of Golubria
  1658 | D:2      | Learned a level 2 spell: Song of Slaying
  1996 | D:3      | Reached skill level 5 in Fighting
  2363 | D:4      | Found Dazxew's Jewellery Shop.
  2485 | D:3      | Reached XP level 6. HP: 13/57 MP: 11/11
  2952 | D:4      | Reached skill level 6 in Fighting
  2954 | D:4      | HP: 2/57 [something/puff of flame (10)]
  2967 | D:4      | HP: 2/57 [something/magic dart (3)]
  2971 | D:4      | Slain by an orc wizard

Skill      XL: |  1  2  3  4  5  6 |
---------------+-------------------+-----
Fighting       | 3 4 5 6 |  6.0
Spellcasting   | 3 |  3.9
Long Blades    | |  2.0
Dodging        | |  1.3
Charms         | |  2.6

Action                   |  1- 3 |  4- 6 || total
-------------------------+-------+-------++-------
Melee: Falchion          |   105 |   200 ||   305
       Tailslap          |    18 |    26 ||    44
 Cast: Infusion          |       |     1 ||     1
  Use: Potion            |     1 |     1 ||     2
  Eat: Chunk             |       |     5 ||     5
       Bread ration      |       |     1 ||     1
Armor: Skin              |    54 |   121 ||   175
Dodge: Dodged            |    88 |   139 ||   227
       Rpst.: Falchion   |    22 |    42 ||    64
